 Dungeon Crawl Stone Soup version 0.21.0-3-g78d12a8 (webtiles) character file.

48 Flooderbenga the Skirmisher (level 3, -1/28 HPs)
             Began as an Octopode Abyssal Knight on Jan 9, 2018.
             Was a Follower of Lugonu.
             Slain by an adder (5 damage)
             ... on level 2 of the Dungeon.
             The game lasted 00:03:28 (1373 turns).

Flooderbenga the Skirmisher (OpAK)                  Turns: 1373, Time: 00:03:29

Health: -1/28      AC:  1    Str: 12    XL:     3   Next: 72%
Magic:  4/4        EV: 14    Int: 16    God:    Lugonu [*.....]
Gold:   75         SH:  0    Dex: 13    Spells: 2/2 levels left

rFire    . . .     SeeInvis .   a - +1 spear
rCold    . . .     Gourm    .   (no shield)
rNeg     . . .     Faith    .   (helmet restricted)
rPois    .         Spirit   .   (no amulet)
rElec    .         Reflect  .   (no ring)
rCorr    .         Harm     .   (no ring)
MR       .....     Clarity  +   (no ring)
Stlth    +++.......             (no ring)
HPRegen  0.09/turn              (no ring)
MPRegen  0.09/turn              (no ring)
                                (no ring)
                                (no ring)

@: flying
A: almost no armour, stealthy swim, amphibious, 8 rings, constrict 8, camouflage
1, agile 1, clarity, clever 1, robust 1, gelatinous body 1
a: Depart the Abyss, Renounce Religion


You were on level 2 of the Dungeon.
You worshipped Lugonu.
Lugonu was aware of your devotion.
You were not hungry.

You visited 1 branch of the dungeon, and saw 2 of its levels.
You visited the Abyss 1 time.

You collected 75 gold pieces.

Inventory:

Hand Weapons
 a - a +1 spear (weapon)
Missiles
 e - 34 stones (quivered)
 g - 30 arrows
Jewellery
 f - an uncursed ring of protection from fire {unknown}
Scrolls
 c - a scroll of immolation {unknown}
 h - 2 scrolls of identify {unknown}
 j - a scroll of noise {unknown}
Potions
 d - a potion of haste {unknown}
 i - a potion of curing {unknown}
 k - a potion of mutation
 l - a potion of flight
Comestibles
 b - a ration
 m - a chunk of flesh


   Skills:
 + Level 3.3 Fighting
 + Level 2.5 Polearms
 + Level 2.8 Dodging
 * Level 1.7 Stealth
 + Level 0.4 Unarmed Combat
 - Level 2.3 Invocations


You had 2 spell levels left.
You didn't know any spells.

Dungeon Overview and Level Annotations

Branches:
Dungeon (2/15)

Altars:


Innate Abilities, Weirdness & Mutations

You cannot wear most types of armour.
You are very stealthy in the water. (Stealth+)
You are amphibious.
You can wear up to eight rings at the same time.
You can use your tentacles to constrict eight enemies at once.
Your skin changes colour to match your surroundings (Stealth+).
Your rubbery body absorbs attacks. (AC +1, EV +1)
You are agile. (Dex +2)
You possess an exceptional clarity of mind.
Your mind is acute. (Int +2)
You are robust. (+10% HP)


Message History

* * * LOW HITPOINT WARNING * * *
You take 9 damage, and have 7/26 hp.
MASSIVE DAMAGE!!
Attack whom?
Aim: an adder The bat is in the way.
You hit the bat.
You kill the bat!
Lugonu accepts your kill. The quokka misses you.
It was a potion of mutation.
You feel extremely strange.
You feel clever.
You feel agile.
Your thoughts seem clearer.
You feel robust. The adder barely misses you. The quokka bites you.
* * * LOW HITPOINT WARNING * * *
You take 2 damage, and have 5/28 hp.
Unknown command.
It was a potion of flight.
You feel very buoyant.
You fly up into the air.
The adder closely misses you. The quokka bites you.
* * * LOW HITPOINT WARNING * * *
The adder bites you.
You die...

###### ......# .......## .
#.## ........# ####. #[..
..$.......# #... ##...
.....$....# ##.# ####....
.........@###..####.......
.........rSS..#.....###...
#........###.(..##........
.........%..(#####.#.#....
..........S....#.....#.###
...........)##.....##..###
.......)b..........##.###.
.........(†...........###.
..........................


You could see 2 adders, a quokka and a bat.

Vanquished Creatures
  An ooze (D:1)
  A worm (D:2)
  A dart slug (D:1)
  A leopard gecko (D:1)
  A giant cockroach (D:1)
  3 goblins (D:1)
  8 hobgoblins
  2 jackals (D:1)
  4 bats
  8 frilled lizards
  2 kobolds (D:1)
  6 rats
38 creatures vanquished.

Vanquished Creatures (others)
  4 toadstools (D:1)
4 creatures vanquished.

Grand Total: 42 creatures vanquished

Notes
Turn   | Place    | Note
-------+----------+-------------------------------------------
     0 | Abyss:1  | Flooderbenga the Octopode Abyssal Knight began the quest for the Orb.
     0 | Abyss:1  | Reached XP level 1. HP: 16/16 MP: 2/2
    78 | Abyss:1  | Noticed a floating eye
    78 | Abyss:1  | a glowing shapeshifter changed into a floating eye
    81 | Abyss:1  | Noticed a vampire mage
    82 | D:1      | Escaped the Abyss
   205 | D:1      | Reached * piety under Lugonu
   205 | D:1      | Reached XP level 2. HP: 21/21 MP: 3/3
   566 | D:1      | Reached XP level 3. HP: 20/26 MP: 4/4
   622 | D:1      | Reached skill level 1 in Stealth
  1372 | D:2      | Gained mutation: Your mind is acute. (Int +2) [potion of mutation]
  1372 | D:2      | Gained mutation: You are agile. (Dex +2) [potion of mutation]
  1372 | D:2      | Gained mutation: You possess an exceptional clarity of mind. [potion of mutation]
  1372 | D:2      | Gained mutation: You are robust. (+10% HP) [potion of mutation]
  1373 | D:2      | Slain by an adder

Skill      XL: |  1  2  3 |
---------------+----------+-----
Stealth        | 1 |  1.7
Fighting       | |  3.3
Polearms       | |  2.5
Dodging        | |  2.8
Unarmed Combat | |  0.4
Invocations    | |  2.3

Action                   || total
-------------------------++-------
Melee: Spear             ||    89
       Constrict         ||    19
       Tentacles         ||    13
Throw: Stone             ||     3
Invok: Depart the Abyss  ||     1
  Use: Potion            ||     2
 Stab: Sleeping          ||     6
       Distracted        ||     1
  Eat: Chunk             ||     1
Armor: Skin              ||     4
Dodge: Dodged            ||    51
